 Dungeon Crawl Stone Soup version 0.26-a0-639-g72c4674329 (webtiles) character file.

Game seed: 6110099695844814641

11 MrRokkomies the Sneak (level 2, 0/25 HPs)
             Began as a Demigod Delver on Sept 16, 2020.
             Splashed by a jelly's acid (1 damage)
             ... on level 5 of the Dungeon.
             The game lasted 00:00:45 (325 turns).

MrRokkomies the Sneak (Demigod Delver)               Turns: 325, Time: 00:00:46

Health: 0/25       AC: -1    Str: 15    XL:     2   Next: 3%
Magic:  4/4        EV: 13    Int: 14    God:
Gold:   15         SH:  0    Dex: 23    Spells: 1/1 levels left

rFire    . . .     SeeInvis .   a - +0 falchion
rCold    . . .     Faith    .   (no shield)
rNeg     . . .     Spirit   .   b - +0 leather armour
rPois    .         Reflect  .   (no helmet)
rElec    .         Harm     .   (no cloak)
rCorr    .         Rampage  .   (no gloves)
MR       .....                  (no boots)
Stlth    +++.......             (no amulet)
HPRegen  0.08/turn              h - +6 ring of dexterity (curse)
MPRegen  0.09/turn              (no ring)

@: lethally poisoned (0 -> -3), corroded
A: high mp 1
a: no special abilities


You were on level 5 of the Dungeon.
You visited 1 branch of the dungeon, and saw 1 of its levels.

You collected 15 gold pieces.

Inventory:

Hand Weapons
 a - a +0 falchion (weapon)
Armour
 b - a +0 leather armour (worn)
Jewellery
 h - a cursed +6 ring of dexterity (left hand)
Wands
 g - a wand of digging (3)
Scrolls
 c - a scroll of fog
 d - a scroll of magic mapping
 j - a scroll of enchant weapon {unknown}
Potions
 f - a potion of haste
 i - a potion of degeneration {unknown}


   Skills:
 * Level 2.9 Fighting
 * Level 2.1 Long Blades
 + Level 2.0 Dodging
 - Level 4.5 Stealth


You had one spell level left.
You didn't know any spells.
Your spell library was empty.

Dungeon Overview and Level Annotations

Branches:
Dungeon (5/15)
 Temple: D:4-7


Innate Abilities, Weirdness & Mutations

You have an increased reservoir of magic. (+10% MP)


Message History

* * * LOW HITPOINT WARNING * * *
The worker ant bites you.
* * * LOW HITPOINT WARNING * * *
You are lethally poisoned!
The worker ant poisons you!
* * * LOW HITPOINT WARNING * * *
You feel sick.
There is an open door here.
* * * LOW HITPOINT WARNING * * *
You feel sick.
The jelly quivers.
The centaur shouts!
The centaur closely misses you.
You riposte.
You barely miss the centaur.
* * * LOW HITPOINT WARNING * * *
You feel sick. The centaur closely misses you.
You riposte.
You barely miss the centaur. The centaur barely misses you.
You riposte.
You hit the centaur.
The centaur is lightly wounded.
You hit the jelly. The acid corrodes you!
Your hands burn!
You die...

#.....##......#...#
#.....##......#...#
......#.......#...#
......#.......#...#
#.....#......###'##
#.....##.....##..##
#.....##......#...#
#......+......#.ac#
#......#......#.@.#
###(..###....##.J.#
###...###....##...#
........#.........#
.....!..#.........#
........'.........#
###################


You could see a centaur, a jelly and a worker ant.

Vanquished Creatures
  A worker ant zombie (D:5)
1 creature vanquished.

Notes
Turn   | Place    | Note
-------+----------+-------------------------------------------
     0 | D:5      | MrRokkomies the Demigod Delver began the quest for the Orb.
     0 | D:5      | Reached XP level 1. HP: 18/18 MP: 3/3
    14 | D:5      | Reached XP level 2. HP: 9/25 MP: 4/4
   228 | D:5      | Noticed a sky beast
   319 | D:5      | Noticed a centaur
   324 | D:5      | HP: 1/25 [poisoned by a worker ant]
   325 | D:5      | Splashed by a jelly's acid

Illustrated notes

Levels and vault maps discovered:
D:5:      layout_gridville, old_standard_altar, bloody_trog,
          minmay_temple_entry_glassed_door

Skill      XL: |  1 |
---------------+----+-----
Long Blades    | 2 |  2.1
Dodging        | 2 |  2.0
Fighting       | |  2.9
Stealth        | |  4.5

Action                   || total
-------------------------++-------
Melee: Falchion          ||     7
  Use: Scroll            ||     1
 Stab: Sleeping          ||     1
Dodge: Dodged            ||     9
       Rpst.: Falchion   ||     6

Table legend: (Time is in decaauts)
 A = Elapsed time spent in this place.
 B = Non-inter-level travel time spent in this place.
 C = Inter-level travel time spent in this place.
 D = Time resting spent in this place.
 E = Time spent auto-exploring this place.
 F = Levels seen in this place.
 G = Mean time per level.
                   A        B        C        D        E       F      G
               +--------+--------+--------+--------+--------+-----+--------+
         Total |    325 |    325 |      0 |      0 |    213 |   1 |  325.0 |
       Dungeon |    325 |    325 |      0 |      0 |    213 |   1 |  325.0 |
               +--------+--------+--------+--------+--------+-----+--------+

Top non-repeatable levels by time:
     D:5: 325 daAuts
